 Dungeon Crawl Stone Soup version 0.31-a0-188-g5e087ee2ca (webtiles) character file.

Game seed: 1900406433310517149

212227 Gargoyl the Warrior (level 18, -11/122 HPs)
             Began as a Gargoyle Berserker on June 22, 2023.
             Was an Elder of Trog.
             Mangled by a vault warden
             ... wielding a +2 halberd of distortion
              (44 damage)
             ... on level 2 of the Vaults on June 23, 2023.
             The game lasted 00:55:04 (26749 turns).

Gargoyl the Warrior (Gargoyle Berserker)           Turns: 26749, Time: 00:55:04

Health: -11/122    AC: 41    Str: 25    XL:     18   Next: 91%
Magic:  18/18      EV: 17    Int: 11    God:    Trog [****..]
Gold:   3157       SH: 16    Dex: 24    Spells: 17/17 levels left

rFire   + + +        N - +3 broad axe (drain)
rCold   + + .        S - +2 shield of Resistance {rF++ rC++ Will++}
rNeg    + . .        J - +3 scale mail "Ycludaym" {rF+ Str+3 Int+2}
rPois   ∞            (no helmet)
rElec   +            u - +1 cloak
rCorr   .            F - +1 pair of gloves {Dex+3}
SInv    .            l - +1 pair of boots of Contentment {rElec Stlth+}
Will    +++..        h - amulet of regeneration
Stlth   +++          A - +6 ring of dexterity
HPRegen 1.20/turn    x - ring of the Tortoise {AC+8}
MPRegen 0.16/turn

%: no passive effects
@: flying
A: sickness immunity, AC +13, big wings, negative energy resistance 1,
electricity resistance, torment resistance 1, petrification resistance, hooves 1
}: 1/15 runes: gossamer
a: Renounce Religion, Berserk, Trog's Hand, Brothers in Arms


You were on level 2 of the Vaults.
You worshipped Trog.
Trog was greatly pleased with you.
You visited 5 branches of the dungeon, and saw 27 of its levels.
You also visited: Sewer, Ossuary, Gauntlet and Ice Cave.

You collected 3157 gold pieces.

Inventory:

Hand Weapons
 d - a +1 hand axe of electrocution
 j - the +5 trident of Mayhem {flame, Will+ Dex+3}
   (You found it on level 7 of the Dungeon)

   Dex:       It affects your dexterity (+3).
   Will:      It increases your willpower.
 K - a +3 heavy broad axe
 N - a +3 broad axe of draining (weapon)
 Z - a +3 scimitar of flaming
Missiles
 b - 47 poisoned darts (quivered)
 q - 4 curare-tipped darts
Armour
 l - the +1 pair of boots of Contentment (worn) {rElec Stlth+}
   (You found it on level 4 of the Spider Nest)

   rElec:     It insulates you from electricity.
   Stlth:     It makes you more stealthy.
 u - a +1 cloak (worn)
 B - a +0 kite shield of cold resistance
 F - a +1 pair of gloves of dexterity (worn)
 J - the +3 scale mail "Ycludaym" (worn) {rF+ Str+3 Int+2}
   (You found it on level 7 of the Dungeon)

   Str:       It affects your strength (+3).
   Int:       It affects your intelligence (+2).
   rF:        It protects you from fire.
 S - the +2 shield of Resistance (worn) {rF++ rC++ Will++}
   (You found it on level 13 of the Dungeon)

   rF:        It greatly protects you from fire.
   rC:        It greatly protects you from cold.
   Will:      It greatly increases your willpower.
Jewellery
 f - a +5 ring of evasion
 h - an amulet of regeneration (around neck)
 x - the ring of the Tortoise (right hand) {AC+8}
   (You found it on level 3 of the Lair of Beasts)

   [ring of protection]

   AC:        It affects your AC (+8).
 z - a ring of resist corrosion
 A - a +6 ring of dexterity (left hand)
 H - a ring of protection from fire
Wands
 i - a wand of mindburst (46)
 o - a wand of light (20)
 r - a wand of iceblast (3)
 D - a wand of charming (25)
 E - a wand of digging (13)
 M - a wand of flame (14)
 V - a wand of polymorph (9)
Scrolls
 c - 3 scrolls of silence
 p - 6 scrolls of revelation
 t - a scroll of blinking
 v - 2 scrolls of fear
 y - 6 scrolls of fog
 I - 14 scrolls of teleportation
 L - 6 scrolls of poison
 P - 6 scrolls of identify
Potions
 a - 2 potions of mutation
 e - 10 potions of curing
 g - 5 potions of might
 k - a potion of cancellation
 n - 6 potions of resistance
 s - 4 potions of enlightenment
 w - 6 potions of berserk rage
 C - 6 potions of haste
 G - 6 potions of magic
 Q - 7 potions of ambrosia
 W - 2 potions of invisibility


   Skills:
 + Level 16.5 Fighting
 + Level 7.5(7.6) Short Blades
 + Level 1.0(4.7) Long Blades
 + Level 15.8(17.7) Axes
 + Level 13.4(16.5) Polearms
 + Level 1.5 Throwing
 + Level 13.0 Armour
 + Level 10.2 Dodging
 + Level 4.4 Stealth
 + Level 11.4 Shields
 + Level 0.5 Evocations


You had 17 spell levels left.
You didn't know any spells.
Your spell library was empty.

Dungeon Overview and Level Annotations

Branches:
Dungeon (15/15)            Temple (0/1) D:5            Lair (5/5) D:10
 Shoals (1/4) Lair:2       Spider (4/4) Lair:3        Slime (0/5) Lair:4
    Orc (0/2) D:11         Vaults (2/5) D:14          Crypt (0/3) Vaults:2
 Depths (0/4) D:15          Sewer (visited)         Ossuary (visited)
  IceCv (visited)         Gauntlet (visited)

Altars:
Cheibriados
Elyvilon
Makhleb
Nemelex Xobeh
Ru
Trog
Wu Jian
Xom
Yredelemnul
Zin
Jiyva

Shops:
D:6 :   D:14 (

Portals:
Abyss: D:13
Trove: Vaults:1 (show slimy rune of Zot)

Annotations:
D:13 1 runed translucent door
Spider:4 2 transporters, Peveen Urom's ghost, adept HOFi


Innate Abilities, Weirdness & Mutations

You are immune to sickness and miasma.
Your stone body is resilient. (AC +13)
You are immune to poison.
Your large and strong wings let you fly.
You resist negative energy. (rN+)
You are resistant to electric shocks. (rElec)
You are resistant to unholy torment.
You are immune to petrification.
You have large cloven feet.


Message History

You hit the vault guard but do no damage.
You drain the vault guard.
You hit the deep troll but do no damage.
The deep troll completely misses you. You block the deep troll's attack. x2
You block the vault warden's attack. The deep troll closely misses you.
The deep troll barely misses you. x2
The vault guard hits you with a +0 battleaxe!
You slash the deep troll!
You kill the deep troll!
Trog accepts your kill.
You closely miss the vault guard. You barely miss the deep troll.
The deep troll bites you. You block the deep troll's attack.
The deep troll completely misses you.
The vault guard hits you with a +0 battleaxe.
The vault warden completely misses you.
You slash the ironbound convoker!
The ironbound convoker is lightly wounded.
You slash the deep troll! You barely miss the vault guard.
The ironbound convoker gestures at the vault guard while chanting.
The vault guard seems to grow stronger.
You block the deep troll's attack. The deep troll barely misses you.
The deep troll misses you.
The vault warden hits you from afar with a +2 halberd of distortion!!
Space warps horribly around you!
* * * LOW HITPOINT WARNING * * *
The vault guard misses you.
You hit the ironbound convoker but do no damage.
You drain the ironbound convoker.
The ironbound convoker is moderately wounded.
You slash the vault guard! You drain the vault guard.
You closely miss the deep troll.
Unknown command.
You carve the ironbound convoker like a ham!!!
You kill the ironbound convoker!
Trog accepts your kill.
Trog appreciates your killing of a magic user.
You hit the vault guard.
You hit the deep troll but do no damage.
You block the deep troll's attack. x2; The deep troll barely misses you.
The vault warden hits you from afar with a +2 halberd of distortion!!!
You die...

#..# #..#
#..# ####
#... ...#
#..##### #..#
#.p. #.# #..#
#p)###.###..#
#T@.........#
##########..#
#)#.#.#..#
#.#(#.#..#
#........#
#........#
######'#####
#..# #..#
#..# #..#


You could see a vault warden (strong), a vault guard (strong, drained) and a
deep troll (drained).

Vanquished Creatures
  An Ice Fiend (IceCv)
  Rupert (Lair:3)
  Agnes (Spider:3)
  Gastronok (Lair:2)
  Kirke (D:14)
  Roxanne (Spider:3)
  Donald (Spider:3)
  6 vault wardens
  5 ghost moths
  3 emperor scorpions
  6 ironbound preservers
  2 very ugly things
  2 orc warlords (Vaults:1)
  2 ironbound thunderhulks
  Azrael (D:12)
  A minotaur (Gauntlet)
  3 dire elephants (Vaults:1)
  3 spark wasps
  An eidolon (Vaults:2)
  3 fire dragons
  3 entropy weavers
  The ghost of Hajna the Covert, a journeyman KoEn of Elyvilon (D:13)
  2 vault guards
  4 great orbs of eyes (Vaults:1)
  2 yaktaur captains (Vaults:1)
  3 hydras
  4 ironbound frosthearts
  2 rakshasas (D:15)
  2 ice dragons (D:13)
  5 caustic shrike simulacra (IceCv)
  12 centaur warriors
  2 radroaches
  4 boulder beetles
  2 dancing weapons (D:14)
  4 two-headed ogres
  The ghost of pollynater the Basher, a novice MiFi of Qazlal (D:10)
  5 death yaks (Lair:5)
  8 demonic crawlers
  A tengu warrior (D:15)
  Amaemon (D:8)
  A deep elf knight (D:13)
  2 skysharks
  Sonja (Lair:1)
  Nergalle (D:10)
  A fire crab (shapeshifter) (D:14)
  5 pharaoh ants
  3 glowing orange brains
  6 lindwurms
  9 orb spiders
  A bog body (IceCv)
  2 obsidian statues (IceCv)
  7 ironbound convokers
  19 deep trolls
  An orange crystal statue (Gauntlet)
  19 wolf spiders
  3 deep elf pyromancers
  12 steelbarb worms
  2 necromancers (Gauntlet)
  4 orc knights
  5 cyclopes
  18 ugly things
  A moth of wrath (Spider:2)
  A manticore (D:14)
  2 spectral centaurs (D:10)
  A worldbinder (D:13)
  A merfolk siren (Lair:2)
  3 elephants (Lair:3)
  A guardian serpent (Lair:5)
  8 black mambas
  9 torpor snails
  2 centaur zombies (D:10)
  6 vault sentinels
  An orange demon (D:8)
  2 gargoyles
  Maggie (Lair:2)
  11 cane toads
  An efreet (D:14)
  7 komodo dragons
  An unseen horror (D:12)
  4 freezing wraiths (IceCv)
  4 rime drakes
  15 yaktaurs (Vaults:1)
  2 ice devils
  A tengu conjurer (D:15)
  An anaconda simulacrum (IceCv)
  7 meliai
  3 golden dragon simulacra (IceCv)
  9 trolls
  A polar bear (Lair:3)
  4 tyrant leeches (Lair:5)
  10 blink frogs
  16 hornets
  32 tarantellas
  4 shadows
  9 slime creatures
  15 jumping spiders
  17 culicivoras
  A vampire (D:11)
  3 wraiths
  44 yaks
  4 fire elementals (D:12)
  11 wyverns
  6 hogs (D:14)
  Eustachio (D:4)
  49 redbacks
  2 steam dragons
  2 basilisks
  A minotaur simulacrum (IceCv)
  An acid dragon (D:10)
  A hydra simulacrum (IceCv)
  21 water moccasins
  3 hell hounds (D:12)
  A meliai simulacrum (D:10)
  8 orc warriors
  Pargi (Sewer)
  A black bear (Lair:3)
  2 ettin simulacra (IceCv)
  A sky beast (D:8)
  23 wolves
  7 centaurs
  2 ogres
  4 kobold brigands (D:6)
  10 bullfrogs
  A deep troll simulacrum (IceCv)
  3 gnoll sergeants (D:8)
  13 killer bees
  6 electric eels
  6 howler monkeys
  7 jellies
  11 orc priests
  3 gnoll boudas (D:4)
  9 hounds
  11 orc wizards
  3 iguanas
  8 mummies (Ossuary)
  15 gnolls
  13 adders
  An ufetubus (D:7)
  A worm (D:3)
  4 dart slugs
  25 orcs
  10 ball pythons
  5 bats
  11 endoplasms
  16 giant cockroaches
  A gnoll zombie (Ossuary)
  6 goblins
  15 hobgoblins
  5 quokkas
  3 frilled lizards
  A hobgoblin zombie (Ossuary)
  9 kobolds
  4 kobold zombies (Ossuary)
  2 orc zombies (Ossuary)
  3 rats
889 creatures vanquished.

Vanquished Creatures (collateral kills)
  Arachne (Spider:1)
  2 emperor scorpions (Spider:4)
  A curse skull (Vaults:2)
  The ghost of PirateVox the Grappler, a journeyman TrMo of Zin (D:11)
  A yaktaur captain (Vaults:1)
  Harold (Lair:2)
  A vampire mage (Vaults:2)
  A sun moth (Spider:4)
  A bog body (IceCv)
  A phantasmal warrior (Vaults:2)
  A wolf spider (Spider:2)
  A moth of wrath (D:11)
  2 elephants (Lair:3)
  3 yaktaurs (Vaults:1)
  A freezing wraith (IceCv)
  A troll (D:11)
  A hornet (Spider:4)
  An orc warrior (D:11)
  A gnoll sergeant (D:8)
  2 hounds
  A gnoll bouda (D:8)
  2 gnolls (D:8)
  A hobgoblin (D:8)
29 creatures vanquished.

Vanquished Creatures (others)
  An ironbound convoker (Vaults:2)
  A wizard (D:13)
  A jumping spider (Spider:4)
3 creatures vanquished.

Grand Total: 921 creatures vanquished

Notes
Turn   | Place    | Note
-------+----------+-------------------------------------------
     0 | D:1      | Gargoyl the Gargoyle Berserker began the quest for the Orb.
     0 | D:1      | Reached XP level 1. HP: 14/14 MP: 1/1
   115 | D:1      | Reached XP level 2. HP: 19/19 MP: 2/2
   430 | D:1      | Reached XP level 3. HP: 24/24 MP: 3/3
   440 | D:1      | Found a faded altar of an unknown god.
  1095 | D:2      | Reached ** piety under Trog
  1424 | D:2      | Found a white marble altar of Elyvilon.
  1811 | D:2      | Reached skill level 1 in Short Blades
  1811 | D:2      | Reached XP level 4. HP: 29/29 MP: 4/4
  2158 | D:3      | Found a snail-covered altar of Cheibriados.
  2246 | D:3      | Reached XP level 5. HP: 33/33 MP: 5/5
  2256 | D:3      | Reached skill level 4 in Fighting
  2663 | D:4      | Found a sparkling altar of Nemelex Xobeh.
  2828 | D:4      | Reached XP level 6. HP: 38/38 MP: 6/6
  3009 | D:4      | Found a sand-covered staircase.
  3015 | Ossuary  | Entered an ossuary
  3033 | Ossuary  | Reached *** piety under Trog
  3340 | D:4      | Reached XP level 7. HP: 43/43 MP: 7/7
  3391 | D:4      | Noticed Eustachio
  3446 | D:4      | Killed Eustachio
  3509 | D:4      | Reached skill level 5 in Fighting
  3672 | D:5      | Entered Level 5 of the Dungeon
  3697 | D:5      | Gained mutation: Armour fits poorly on your strangely
                  | shaped body. [potion of mutation]
  3697 | D:5      | Gained mutation: Your flesh is heat resistant. (rF+)
                  | [potion of mutation]
  3697 | D:5      | Gained mutation: You have sharp toenails. [potion of
                  | mutation]
  3751 | D:5      | Found a staircase to the Ecumenical Temple.
  3832 | D:5      | Lost mutation: You have sharp toenails. [potion of
                  | mutation]
  3832 | D:5      | Lost mutation: Armour fits poorly on your strangely shaped
                  | body. [potion of mutation]
  3832 | D:5      | Lost mutation: Your flesh is heat resistant. (rF+) [potion
                  | of mutation]
  3832 | D:5      | Gained mutation: You occasionally lose the ability to read
                  | scrolls when taking damage. [potion of mutation]
  3832 | D:5      | Gained mutation: You are clumsy. (Dex -2) [potion of
                  | mutation]
  3832 | D:5      | Gained mutation: You have large cloven feet. [potion of
                  | mutation]
  4193 | D:5      | Reached XP level 8. HP: 49/49 MP: 8/8
  4304 | D:5      | Reached skill level 1 in Throwing
  4575 | D:6      | Found a glowing drain.
  4588 | Sewer    | Entered a sewer
  4635 | Sewer    | Noticed Pargi
  4644 | Sewer    | Killed Pargi
  4645 | Sewer    | Reached skill level 5 in Short Blades
  4825 | D:6      | Found a shimmering altar of Xom.
  4980 | D:6      | Reached **** piety under Trog
  5008 | D:6      | Reached skill level 5 in Armour
  5082 | D:6      | Noticed a slime creature
  5121 | D:6      | Killed a slime creature
  5125 | D:6      | Reached XP level 9. HP: 33/55 MP: 9/9
  5290 | D:6      | Found Ubbih's Tremendous Tomes.
  5400 | D:6      | Found a basalt altar of Yredelemnul.
  5726 | D:7      | Lost mutation: You have large cloven feet. [potion of
                  | mutation]
  5726 | D:7      | Lost mutation: You occasionally lose the ability to read
                  | scrolls when taking damage. [potion of mutation]
  5726 | D:7      | Gained mutation: You are robust. (+10% HP) [potion of
                  | mutation]
  5726 | D:7      | Gained mutation: You possess an exceptional clarity of
                  | mind. [potion of mutation]
  5726 | D:7      | Gained mutation: You are very clumsy. (Dex -4) [potion of
                  | mutation]
  5727 | D:7      | Lost mutation: You are robust. (+10% HP) [potion of
                  | mutation]
  5727 | D:7      | Lost mutation: You are very clumsy. (Dex -4) [potion of
                  | mutation]
  5727 | D:7      | Gained mutation: Your natural rate of healing is unusually
                  | fast. [potion of mutation]
  5727 | D:7      | Lost mutation: You are clumsy. (Dex -2) [potion of
                  | mutation]
  5727 | D:7      | Lost mutation: You possess an exceptional clarity of mind.
                  | [potion of mutation]
  5727 | D:7      | Gained mutation: Your flesh is cold resistant. (rC+)
                  | [potion of mutation]
  5739 | D:7      | Identified the +5 trident of Mayhem {flame, Will+ Dex+3}
  5792 | D:7      | Noticed a hornet
  5807 | D:7      | Reached skill level 6 in Fighting
  5832 | D:7      | Killed a hornet
  5890 | D:7      | Identified the +6 mace of Context {heavy, rPois rC- Will+}
  5966 | D:7      | Identified the +3 scale mail "Ycludaym" {rF+ Str+3 Int+2}
  6223 | D:8      | Noticed an orange demon
  6234 | D:8      | Noticed Amaemon
  6253 | D:8      | Killed Amaemon
  6255 | D:8      | Killed an orange demon
  6256 | D:8      | Reached XP level 10. HP: 61/61 MP: 10/10
  6338 | D:8      | Reached skill level 7 in Fighting
  6636 | D:8      | Found a sacrificial altar of Ru.
  7248 | D:9      | Reached skill level 5 in Polearms
  7389 | D:9      | Reached skill level 8 in Fighting
  7802 | D:9      | Reached XP level 11. HP: 69/69 MP: 11/11
  8009 | D:10     | Entered Level 10 of the Dungeon
  8039 | D:10     | Reached ***** piety under Trog
  8159 | D:10     | Found a glowing silver altar of Zin.
  8159 | D:10     | Found a burning altar of Makhleb.
  8160 | D:10     | Noticed an Executioner
  8160 | D:10     | Noticed an angel
  8170 | D:10     | Found a staircase to the Lair.
  8239 | D:10     | Reached skill level 1 in Stealth
  8381 | D:10     | Noticed Nergalle
  8397 | D:10     | Killed Nergalle
  8776 | D:10     | Found a runed translucent gate.
  8776 | D:10     | Found a runed translucent gate.
  8780 | D:10     | Found a runed translucent gate.
  8784 | D:10     | Noticed pollynater's ghost (novice MiFi)
  8951 | D:10     | Reached skill level 9 in Fighting
  8981 | D:10     | Killed pollynater's ghost
  9070 | Lair:1   | Entered Level 1 of the Lair of Beasts
  9151 | Lair:1   | Noticed Sonja
  9168 | Lair:1   | Reached XP level 12. HP: 76/76 MP: 12/12
  9192 | Lair:1   | Reached skill level 5 in Dodging
  9199 | Lair:1   | Killed Sonja
  9354 | Lair:1   | Reached skill level 10 in Armour
  9619 | Lair:1   | Reached skill level 10 in Polearms
  9956 | Lair:2   | Noticed Maggie
  9996 | Lair:2   | Killed Maggie
 10004 | Lair:2   | Reached skill level 10 in Fighting
 10230 | Lair:2   | You fall into a shaft and drop 2 floors!
 10290 | Lair:4   | Found a staircase to the Slime Pits.
 10290 | Lair:4   | Found a viscous altar of Jiyva.
 10672 | Lair:2   | Noticed Harold
 10683 | Lair:2   | Killed Harold
 10710 | Lair:2   | Noticed a skyshark
 10723 | Lair:2   | Killed a skyshark
 10786 | Lair:2   | Reached XP level 13. HP: 84/84 MP: 13/13
 10787 | Lair:2   | Found a staircase to the Shoals.
 10912 | Lair:2   | Noticed Gastronok
 10948 | Lair:2   | Killed Gastronok
 10949 | Lair:2   | Reached skill level 11 in Fighting
 11205 | Shoals:1 | Entered Level 1 of the Shoals
 11340 | Lair:3   | Identified the ring of Agnosticism {rC+ Str-2 Int+4}
 11386 | Lair:3   | Found the ring of the Tortoise {AC+8}
 11411 | Lair:3   | Noticed Rupert
 11443 | Lair:3   | Killed Rupert
 11795 | Lair:3   | Found a hole to the Spider Nest.
 12409 | Lair:4   | Identified the +1 robe of Nelireq {Str+3 Int+4 Slay-3 SInv}
 12794 | Lair:5   | Entered Level 5 of the Lair of Beasts
 13184 | Lair:5   | Reached skill level 12 in Fighting
 13261 | Lair:5   | Gained mutation: Your large and strong wings let you fly.
                  | [Gargoyle growth]
 13261 | Lair:5   | Reached XP level 14. HP: 92/92 MP: 14/14
 13444 | Lair:5   | Received a gift from Trog
 13837 | Lair:5   | Identified the ring "Ynimoygh" {rPois EV+5 Int+3}
 14028 | Lair:5   | Found a runed translucent door.
 14270 | Lair:5   | Reached skill level 5 in Axes
 14480 | D:11     | Found a staircase to the Orcish Mines.
 14613 | D:11     | Found a transporter.
 14620 | D:11     | Found a transporter.
 14625 | D:11     | Found a bloodstained altar of Trog.
 14625 | D:11     | Noticed PirateVox's ghost (journeyman TrMo)
 14647 | D:11     | Killed PirateVox's ghost
 14648 | D:11     | Reached skill level 13 in Fighting
 14945 | D:11     | Found an ornate altar of the Wu Jian Council.
 15270 | D:12     | Found a gate leading to a gauntlet.
 15298 | Gauntlet | Entered a Gauntlet
 15298 | Gauntlet | Found a transporter.
 15312 | Gauntlet | Found a transporter.
 15320 | Gauntlet | Found a runed translucent door.
 15322 | Gauntlet | Found a transporter.
 15332 | Gauntlet | Found a runed translucent door.
 15341 | Gauntlet | Found a transporter.
 15341 | Gauntlet | Found a transporter.
 15343 | Gauntlet | Found a transporter.
 15392 | Gauntlet | Found a transporter.
 15405 | Gauntlet | Identified the ring "Yfedaore" {Fire *Slow Will++ Str+5}
 15475 | D:12     | Noticed Azrael
 15505 | D:12     | HP: 4/94 [boulder beetle (25)]
 15908 | D:12     | Killed Azrael
 15926 | D:12     | Reached XP level 15. HP: 87/99 MP: 15/15
 16407 | D:13     | Found a transporter.
 16498 | D:13     | Found a transporter.
 16506 | D:13     | Found a one-way gate to the infinite horrors of the Abyss.
 16671 | D:13     | Found a runed translucent door.
 16671 | D:13     | Found the +2 shield of Resistance {rF++ rC++ Will++}
 16713 | D:13     | Found a runed translucent door.
 16770 | D:13     | Noticed Hajna's ghost (journeyman KoEn)
 16943 | D:13     | Killed Hajna's ghost
 17277 | D:14     | Found a gate to the Vaults.
 17298 | D:14     | Reached skill level 10 in Axes
 17345 | D:14     | Found Fadwinom's Antique Weapon Emporium.
 17355 | D:14     | Noticed Kirke
 17365 | D:14     | Reached skill level 1 in Shields
 17373 | D:14     | Killed Kirke
 17422 | D:14     | You are sucked into a shaft and drop 1 floor!
 17422 | D:15     | Entered Level 15 of the Dungeon
 17470 | D:15     | Reached skill level 1 in Long Blades
 17635 | D:15     | Found a staircase to the Depths.
 17925 | D:15     | Reached skill level 14 in Fighting
 18485 | D:14     | Found a sacrificial altar of Ru.
 19256 | Spider:1 | Entered Level 1 of the Spider Nest
 19260 | Spider:1 | Noticed an emperor scorpion
 19277 | Spider:1 | Killed an emperor scorpion
 19278 | Spider:1 | Reached XP level 16. HP: 106/106 MP: 16/16
 19535 | Spider:1 | Lost mutation: Your natural rate of healing is unusually
                  | fast. [potion of mutation]
 19535 | Spider:1 | Lost mutation: Your flesh is cold resistant. (rC+) [potion
                  | of mutation]
 19535 | Spider:1 | Gained mutation: You are somewhat resistant to further
                  | mutation. [potion of mutation]
 19688 | Spider:1 | Reached skill level 5 in Shields
 20466 | Spider:2 | Noticed Arachne
 20747 | Spider:1 | Upgraded the game from 0.31-a0-183-g4352c244c2 to
                  | 0.31-a0-188-g5e087ee2ca
 20758 | Spider:1 | Lost mutation: You are somewhat resistant to further
                  | mutation. [potion of mutation]
 20758 | Spider:1 | Gained mutation: You have large cloven feet. [potion of
                  | mutation]
 20779 | Spider:2 | Found a frozen archway.
 20827 | Spider:1 | Killed Arachne
 21098 | IceCv    | Entered an ice cave
 21579 | IceCv    | Noticed an Ice Fiend
 21592 | IceCv    | Killed an Ice Fiend
 21854 | Spider:2 | Identified the +1 robe "Qesietzo" {Str+4}
 21941 | Spider:2 | Reached XP level 17. HP: 105/112 MP: 17/17
 22308 | Spider:3 | Noticed Donald
 22326 | Spider:3 | Killed Donald
 22342 | Spider:3 | Noticed Roxanne
 22468 | Spider:3 | Reached skill level 15 in Fighting
 22621 | Spider:3 | Noticed Agnes
 22639 | Spider:3 | Killed Agnes
 23111 | Spider:3 | Killed Roxanne
 23139 | Spider:4 | Entered Level 4 of the Spider Nest
 23203 | Spider:4 | Noticed Peveen Urom's ghost (adept HOFi)
 23230 | Spider:4 | Found a transporter.
 23234 | Spider:4 | Found a transporter.
 23625 | Spider:4 | Identified the +1 hand axe of Calamity {freeze, rC++ Dex+3}
 24463 | Spider:4 | Identified the +2 hat "Lodazuir" {+Blink rN+ MP+9 Dex+3}
 24478 | Spider:4 | Identified the +1 pair of boots of Contentment {rElec
                  | Stlth+}
 24504 | Spider:4 | Got a gossamer rune of Zot
 24823 | Vaults:1 | Entered Level 1 of the Vaults
 25046 | Vaults:1 | Reached XP level 18. HP: 120/120 MP: 18/18
 25094 | Vaults:1 | Found a portal to a secret trove of treasure.
 25155 | Vaults:1 | Reached skill level 10 in Shields
 25297 | Vaults:1 | Reached skill level 15 in Axes
 25500 | Vaults:1 | Reached skill level 16 in Fighting
 25711 | Vaults:1 | Identified the scarf of Perfidy {shadows, Harm Drain Regen+
                  | Str+2}
 26383 | Vaults:1 | Reached skill level 10 in Dodging
 26623 | Vaults:2 | Found a staircase to the Crypt.
 26749 | Vaults:2 | Mangled by a vault warden

Illustrated notes

Levels and vault maps discovered:
D:1:      sevenhm_arrival_forest_fort_small_4, layout_basic,
          basic_ecumenical_altar, minmay_worlds_worst_comb
D:2:      layout_loops_corners, basic_altar
D:3:      layout_rooms, marbit_many_paths, minmay_bisected
D:4:      minmay_polygon_palace, layout_rooms,
          mainiacjoe_overflow_cross_hatched, serial_forest,
          infiniplex_forest_straight_3, infiniplex_forest_end_2,
          infiniplex_forest_lined_corner, infiniplex_forest_clump_small,
          infiniplex_forest_straight_2, nicolae_ossuary_entry_ruins,
          uniq_eustachio
D:5:      layout_basic, minmay_temple_entry_antechambers, nicolae_hexahallways,
          hangedman_decor_growths, serial_bayou_lake_a
D:6:      cheibrodos_fertilizer, layout_basic, mainiacjoe_overflow_swirl,
          gup_sewer_entry_pipe, nicolae_shop_i_like_big_books
D:7:      layout_rooms, hangedman_abyss_or_decor_lesser_grid
D:8:      kennysheep_housing_project, layout_loops_cross, kennysheep_mini,
          st_stairs_5, uniq_amaemon
D:9:      layout_loops_ring
D:10:     layout_layer_cave, grunt_temple_overflow_order_and_chaos_2,
          erik_lair_island, gammafunk_ghost_necromancy, uniq_nergalle
D:11:     layout_big_octagon, minmay_orc_entry_temple_small,
          gammafunk_ghost_wrathful_warriors, pdpol_wu_jian_five_deadly_venoms
D:12:     layout_irregular_city, gauntlet_entry_generic, uniq_azrael
D:13:     layout_cave_pools, gammafunk_ghost_abyssal_escape,
          minmay_guarded_unrand_resistance
D:14:     layout_irregular_city, erik_vaults_1, serial_shops,
          nicolae_shop_scrapyard, amethyst_killhole,
          nicolae_ru_sacrificial_ziggurat, uniq_kirke
D:15:     gammafunk_enter_depths_forms, layout_loops_cross, serial_park_avenue1
Lair:1:   layout_misc_corridors, beast_lair_carwin_8, serial_bayou_shore_b,
          lemuel_fruit_tree, grunt_megastairs_1, infiniplex_staircase_pool,
          serial_bayou_shore_a, uniq_sonja
Lair:2:   layout_roguey, minmay_shoals_entry_lonely_mermaid, uniq_harold,
          uniq_maggie, uniq_gastronok
Lair:3:   layout_cave_pods, hellmonk_spider_entry_not_the_bees, uniq_rupert
Lair:4:   layout_loops_ring, slime_entry_1, infiniplex_staircase_pool_2
Lair:5:   hangedman_lair_tendril_chambers, layout_regular_city, wormcave
Shoals:1: layout_shoals
Spider:1: layout_spider_delve, hangedman_spider_tarantella_strand
Spider:2: layout_spider_delve, portal_ice_cave_entry_pillars_four, uniq_arachne
Spider:3: layout_spider_delve, uniq_agnes, uniq_roxanne, uniq_donald
Spider:4: spider_rune_water, gammafunk_ghost_arena
Vaults:1: grunt_vaults_funnel, nicolae_vaults_quartermaster,
          ontoclasm_vaults_tryst, nicolae_vaults_door_testing_chamber,
          nicolae_vaults_diamond_1, nicolae_vaults_tetromino_L_1, v_misc_32,
          vaults_standard_mumra_x, ontoclasm_vaults_idyll,
          vaults_room_fancy_cross, hangedman_vaults_unwind,
          vaults_room_door_ring, nicolae_vaults_tetromino_L_1,
          nicolae_vaults_little_squares_3, nicolae_vaults_angled_halls,
          hangedman_vaults_trim, layout_vaults_omnibox, enter_trove_0
Vaults:2: dpeg_vaults_monster_row, nicolae_vaults_network_s, vaults_dpeg_hooks,
          nicolae_vaults_trapezoid_layered, nicolae_vaults_hallways_thing,
          nicolae_vaults_fighting_squares, minmay_crypt_entry_simple_sparse,
          nicolae_vaults_specimen_jars, hangedman_vaults_corner,
          nicolae_vaults_circle_grid_b, nicolae_vaults_trapezoid_layered,
          ontoclasm_vaults_twist, v_rooms_5, hangedman_vaults_stream,
          nicolae_vaults_mini_display_case, nicolae_vaults_tetromino_Z_2,
          layout_vaults_maze, serial_shops, shop

Skill      XL: |  1  2  3  4  5  6  7  8  9 10 11 12 13 14 15 16 17 18 |
---------------+-------------------------------------------------------+-----
Axes           | 3 4 8 11 13 14 15 | 15.8
Short Blades   | 1 2 3 4 6 7 |  7.5
Dodging        | 2 3 4 6 7 8 9 10 | 10.2
Fighting       | 4 5 6 8 9 10 12 13 14 15 16 | 16.5
Armour         | 3 4 6 7 8 9 10 11 12 13 | 13.0
Throwing       | 1 |  1.5
Polearms       | 3 6 9 11 12 13 | 13.4
Stealth        | 1 2 3 4 |  4.4
Shields        | 3 7 9 11 | 11.4
Long Blades    | 1 |  1.0
Evocations     | |  0.5

Action                     |  1- 3 |  4- 6 |  7- 9 | 10-12 | 13-15 | 16-18 || total
---------------------------+-------+-------+-------+-------+-------+-------++-------
  Melee: Hand axe          |    80 |    44 |       |       |       |       ||   124
         Rapier            |    37 |   109 |   332 |       |       |       ||   478
         Punch             |       |     1 |     3 |    14 |    15 |       ||    33
         Kick              |       |       |    57 |       |       |       ||    57
         Trident           |       |       |    38 |   767 |   479 |       ||  1284
         War axe           |       |       |       |       |   749 |  1700 ||  2449
         Scimitar          |       |       |       |       |    23 |       ||    23
         Broad axe         |       |       |       |       |       |    63 ||    63
  Throw: Dart              |       |       |     5 |     1 |       |    15 ||    21
 Invoke: Berserk           |     1 |     3 |     2 |     3 |    19 |    31 ||    59
         Trog's Hand       |       |     1 |     4 |     8 |    19 |    32 ||    64
         Brothers in Arms  |       |       |       |     5 |     5 |     8 ||    18
  Evoke: Wand              |       |       |       |       |     1 |       ||     1
    Use: Scroll            |     1 |     3 |    14 |    12 |    11 |     7 ||    48
         Potion            |       |       |     4 |     2 |     6 |    11 ||    23
   Stab: Distracted        |       |       |       |       |     2 |     3 ||     5
         Sleeping          |       |       |       |       |       |     8 ||     8
         Held in net/web   |       |       |       |       |       |     1 ||     1
 Armour: Animal skin       |    38 |       |       |       |       |       ||    38
         Ring mail         |    12 |     2 |       |       |       |       ||    14
         Plate armour      |       |   111 |   205 |       |       |       ||   316
         Scale mail        |       |       |    52 |   536 |   883 |  1305 ||  2776
  Dodge: Dodged            |   103 |    78 |   134 |   582 |   924 |  1335 ||  3156
  Block: Kite shield       |       |       |       |       |   242 |  1639 ||  1881
         Buckler           |       |       |       |       |     4 |       ||     4

Table legend: (Time is in decaauts)
 A = Elapsed time spent in this place.
 B = Non-inter-level travel time spent in this place.
 C = Inter-level travel time spent in this place.
 D = Time resting spent in this place.
 E = Time spent auto-exploring this place.
 F = Levels seen in this place.
 G = Mean time per level.
                   A        B        C        D        E       F      G
               +--------+--------+--------+--------+--------+-----+--------+
         Total |  26769 |  25206 |   1563 |   1208 |  15572 |  31 |  863.5 |
       Dungeon |  13541 |  12792 |    749 |    266 |   8878 |  15 |  902.7 |
          Lair |   5466 |   4869 |    597 |     53 |   3336 |   5 | 1093.2 |
        Shoals |      1 |      1 |      0 |      0 |      0 |   1 |    1.0 |
   Spider Nest |   4736 |   4562 |    174 |    641 |   2065 |   4 | 1184.0 |
        Vaults |   1880 |   1839 |     41 |    154 |    911 |   2 |  940.0 |
         Sewer |    139 |    139 |      0 |      0 |     79 |   1 |  139.0 |
       Ossuary |    213 |    213 |      0 |      0 |    102 |   1 |  213.0 |
      Ice Cave |    622 |    622 |      0 |     73 |    198 |   1 |  622.0 |
      Gauntlet |    166 |    166 |      0 |     21 |      0 |   1 |  166.0 |
               +--------+--------+--------+--------+--------+-----+--------+

Top non-repeatable levels by time:
Vaults:1: 1626 daAuts
Spider:1: 1574 daAuts
  Lair:5: 1501 daAuts
Spider:4: 1402 daAuts
  Lair:3: 1215 daAuts
    D:10: 1176 daAuts
     D:6: 1132 daAuts
     D:1: 1070 daAuts
     D:8: 1064 daAuts
    D:15: 1063 daAuts
  Lair:2: 1009 daAuts
  Lair:1: 948 daAuts
    D:12: 940 daAuts
     D:4: 922 daAuts
Spider:2: 922 daAuts
